Kings vs Oilers

Created - February 11, 2024 at 11:24

Goals
1 2 3 T
Kings 2 0 1 3
Oilers 0 2 0 2
Shots
1 2 3 T
Kings 7 5 6 18
Oilers 11 10 8 29

GoalsPenalties
1st period
1. Kings , Jason Dickinson 2 (Conor Sheary 12, Rasmus Ristolainen 12) at 1:46
2. Kings , Conor Sheary 9 (Derek Ryan 6) at 7:03
David Savard (LOS) for Hooking (Minor) at 1:57
David Krejci (LOS) for Tripping (Minor) at 4:00
David Krejci (LOS) for Charging (Minor) at 10:32
Rasmus Ristolainen (LOS) for Holding (Minor) at 17:53
2nd period
3. Oilers , Brandon Hagel 22 (Dylan Strome 22, Ryan Johansen 16) at 0:48 (PP)
4. Oilers , Brandon Hagel 23 (Scott Mayfield 7, Ryan Johansen 17) at 14:22
Evander Kane (LOS) for Roughing (Minor) at 0:24
Joel Edmundson (LOS) for Interference (Minor) at 1:19
Ondrej Palat (EDM) for Hooking (Minor) at 10:13
3rd period
5. Kings , Evander Kane 15 (Dmitry Orlov 26, Tyler Motte 8) at 18:59
Evander Kane (LOS) for Roughing (Minor) at 6:22
Ondrej Palat (EDM) for Hooking (Minor) at 9:42
Goalie Stats
Karel Vejmelka (LOS), 27 saves from 29 shots - (0.931), W, 7-5-3, 60:00 minutes
Jack Campbell (EDM), 15 saves from 18 shots - (0.833), L, 14-14-5, 59:05 minutes
3 StarsOfficial
1 - Brandon Hagel (EDM)
2 - Conor Sheary (LOS)
3 - Jason Dickinson (LOS)
Referees : Dan O'Halloran and Eric Furlatt
Linesman : Darren Gibbs and Luke Galvin
Game Note
No Game Note
Finance
Level 1 -- Attendance: 5517 (84.88%) -- Ticket Income $673,074
Level 2 -- Attendance: 3711 (74.22%) -- Ticket Income $348,834
Level 3 -- Attendance: 2330 (66.57%) -- Ticket Income $174,750
Level 4 -- Attendance: 839 (100.00%) -- Ticket Income $61,247
Luxury Box -- Attendance: 993 (99.30%) -- Ticket Income $230,376
Game was played at the Rexall Place.
Total Attendance: 13390 (79.52%)
Total Ticket Income: $1,488,281
Other Income: $372,070
Total Income: $1,860,351



Team Name Goals Shots Shots Attemp Shots Blocked PIM HIT PP PK FO%
Kings 31841914200 / 2 (0%)150%
Oilers 2297384201 / 7 (14%)050%

Kings
Player Name POS G A P +/- PIM HIT SHT SB MP PP MP PP SHT PK MP PK SHT FO% FOT
Brandon SaadLW000-1011015:121:5500:00050% 2
Conor ShearyLW1122014019:210:0004:2200% 1
David KrejciC0000412116:541:5500:00037% 19
David SavardD0000240122:451:5506:1400% 0
Derek RyanC0112030020:450:0004:46054% 28
Dmitry OrlovD0112000014:420:0000:5100% 0
Evander KaneLW1011423016:382:0300:09075% 4
Ilya MikheyevRW0000001014:472:0300:0000% 0
Jason DickinsonC1012002222:220:0007:23050% 18
Jeff CarterC0000011015:472:0300:00050% 20
Joel EdmundsonD0000251121:052:0304:4700% 0
Josh MansonD000000000:000:0000:0000% 0
Mattias EkholmD0000001324:401:5517:0800% 0
Mike ReillyD000000000:000:0000:0000% 0
Nick JensenD0000000021:552:0305:3600% 0
Rasmus RistolainenD0112200114:500:0000:0000% 0
Tyler MotteC0111011011:030:0007:560100% 1
Victor OlofssonLW000-1011014:491:5500:00067% 3
Oilers
Player Name POS G A P +/- PIM HIT SHT SB MP PP MP PP SHT PK MP PK SHT FO% FOT
Alexander BarabanovLW000-1003016:395:4710:0000% 1
Brandon HagelLW2021026018:396:3131:1000% 0
Brock BoeserRW0001043017:296:3110:0000% 1
Casey CizikasC000-2052011:380:0000:00050% 18
Cole PerfettiC0000000016:035:4700:00027% 11
Dylan StromeC0110012019:336:3101:46060% 30
Jakob SilfverbergRW000-2002013:500:0002:120100% 1
Jamie DrysdaleD000-1003423:366:2831:3100% 0
Josh BaileyRW000-1000016:425:5000:0000% 0
Mattias SamuelssonD000-1010115:520:0000:1100% 0
Nils HoglanderLW000-2001011:380:0000:000100% 1
Ondrej PalatLW0000421116:015:4700:0000% 2
Paul StastnyC000-1000012:030:0001:11050% 14
Robin SaloD0000010013:550:0000:4700% 0
Ryan JohansenC0221003018:036:2831:37053% 17
Ryan PulockD000-1003122:575:5021:4000% 0
Scott MayfieldD0110020015:150:0002:0700% 0
Vladislav GavrikovD000-1020116:070:0001:4000% 0



Play-by-Play

1st period


0:01 of 1st period - Ryan Johansen wins face-off versus Jeff Carter in neutral zone.
0:12 of 1st period - Ilya Mikheyev is hit by Vladislav Gavrikov.
0:15 of 1st period - Jeff Carter is hit by Vladislav Gavrikov and loses puck.
0:22 of 1st period - Shot by Evander Kane.
0:22 of 1st period - Shot Blocked by Vladislav Gavrikov.
0:28 of 1st period - Shot by Ilya Mikheyev.
0:28 of 1st period - Deflect By Evander Kane.
0:28 of 1st period - Stopped by Jack Campbell without a rebound.
0:29 of 1st period - David Krejci wins face-off versus Ondrej Palat in Oilers zone.
0:36 of 1st period - Shot by David Krejci.
0:36 of 1st period - Stopped by Jack Campbell without a rebound.
0:37 of 1st period - Paul Stastny wins face-off versus Conor Sheary in Oilers zone.
0:44 of 1st period - Shot by Conor Sheary.
0:44 of 1st period - Stopped by Jack Campbell without a rebound.
0:45 of 1st period - David Krejci wins face-off versus Casey Cizikas in Oilers zone.
1:07 of 1st period - Shot by David Krejci.
1:07 of 1st period - Stopped by Jack Campbell with a rebound.
1:09 of 1st period - Shot by Nick Jensen.
1:09 of 1st period - Shot Misses the Net.
1:28 of 1st period - Icing by Mattias Samuelsson.
1:29 of 1st period - Casey Cizikas wins face-off versus Derek Ryan in Oilers zone.
1:29 of 1st period - Casey Cizikas is hit by Derek Ryan.
1:44 of 1st period - Shot by Conor Sheary.
1:44 of 1st period - Shot Misses the Net.
1:46 of 1st period - Shot by Jason Dickinson.
1:46 of 1st period - Goal by Jason Dickinson - Kings : 1 - Oilers : 0.
1:47 of 1st period - Jeff Carter wins face-off versus Cole Perfetti in neutral zone.
1:57 of 1st period - Minor Penalty to David Savard for Hooking.
1:58 of 1st period - Jason Dickinson wins face-off versus Dylan Strome in Kings zone.
2:31 of 1st period - Shot by Ryan Pulock.
2:31 of 1st period - Stopped by Karel Vejmelka without a rebound.
2:32 of 1st period - Tyler Motte wins face-off versus Cole Perfetti in Kings zone.
2:55 of 1st period - Shot by Jamie Drysdale.
2:55 of 1st period - Shot Hit the Post.
2:57 of 1st period - Shot by Jamie Drysdale.
2:57 of 1st period - Stopped by Karel Vejmelka without a rebound.
2:58 of 1st period - Derek Ryan wins face-off versus Brock Boeser in Kings zone.
2:58 of 1st period - Derek Ryan is hit by Brock Boeser.
3:27 of 1st period - Off-side.
3:28 of 1st period - Derek Ryan wins face-off versus Cole Perfetti in neutral zone.
3:41 of 1st period - Shot by Ryan Johansen.
3:41 of 1st period - Shot Hit the Post.
3:48 of 1st period - Icing by Ondrej Palat.
3:49 of 1st period - Cole Perfetti wins face-off versus Derek Ryan in Oilers zone.
3:49 of 1st period - Cole Perfetti is hit by Conor Sheary.
4:00 of 1st period - Minor Penalty to David Krejci for Tripping.
4:01 of 1st period - Dylan Strome wins face-off versus Jason Dickinson in Kings zone.
4:10 of 1st period - Jason Dickinson is hit by Brock Boeser.
4:26 of 1st period - Shot by Ryan Pulock.
4:26 of 1st period - Shot Misses the Net.
4:33 of 1st period - Shot by Brock Boeser.
4:33 of 1st period - Shot Misses the Net.
4:35 of 1st period - Shot by Ryan Pulock.
4:35 of 1st period - Shot Blocked by Jason Dickinson.
4:37 of 1st period - Shot by Brandon Hagel.
4:37 of 1st period - Stopped by Karel Vejmelka without a rebound.
4:38 of 1st period - Derek Ryan wins face-off versus Ondrej Palat in Kings zone.
5:17 of 1st period - Shot by Ryan Johansen.
5:17 of 1st period - Stopped by Karel Vejmelka without a rebound.
5:18 of 1st period - Dylan Strome wins face-off versus Derek Ryan in Kings zone.
5:42 of 1st period - Icing by Ryan Pulock.
5:43 of 1st period - Dylan Strome wins face-off versus Jason Dickinson in Oilers zone.
5:45 of 1st period - Icing by Brandon Hagel.
5:46 of 1st period - Dylan Strome wins face-off versus Jason Dickinson in Oilers zone.
5:46 of 1st period - Dylan Strome is hit by Tyler Motte.
6:01 of 1st period - Shot by Casey Cizikas.
6:01 of 1st period - Deflect By Jakob Silfverberg.
6:01 of 1st period - Shot Misses the Net.
6:04 of 1st period - Icing by Dmitry Orlov.
6:05 of 1st period - Jeff Carter wins face-off versus Casey Cizikas in Kings zone.
6:23 of 1st period - Jeff Carter is hit by Casey Cizikas and loses puck.
6:27 of 1st period - Ilya Mikheyev is hit by Casey Cizikas and loses puck.
6:57 of 1st period - Icing by Scott Mayfield.
6:58 of 1st period - Derek Ryan wins face-off versus Casey Cizikas in Oilers zone.
6:58 of 1st period - Conor Sheary is hit by Scott Mayfield and loses puck.
7:03 of 1st period - Shot by Conor Sheary.
7:03 of 1st period - Goal by Conor Sheary - Kings : 2 - Oilers : 0.
7:04 of 1st period - Derek Ryan wins face-off versus Paul Stastny in neutral zone.
7:48 of 1st period - Icing by Jason Dickinson.
7:49 of 1st period - Derek Ryan wins face-off versus Dylan Strome in Kings zone.
8:25 of 1st period - Off-side.
8:26 of 1st period - Jeff Carter wins face-off versus Ryan Johansen in neutral zone.
8:38 of 1st period - Icing by Robin Salo.
8:39 of 1st period - Ryan Johansen wins face-off versus David Krejci in Oilers zone.
8:53 of 1st period - Icing by Brock Boeser.
8:54 of 1st period - Jeff Carter wins face-off versus Ryan Johansen in Oilers zone.
8:58 of 1st period - Icing by Scott Mayfield.
8:59 of 1st period - Ryan Johansen wins face-off versus Victor Olofsson in Oilers zone.
9:21 of 1st period - Off-side.
9:22 of 1st period - Derek Ryan wins face-off versus Paul Stastny in neutral zone.
9:58 of 1st period - Shot by Jason Dickinson.
9:58 of 1st period - Shot Misses the Net.
10:25 of 1st period - Off-side.
10:26 of 1st period - David Krejci wins face-off versus Dylan Strome in neutral zone.
10:32 of 1st period - Minor Penalty to David Krejci for Charging.
10:33 of 1st period - Jason Dickinson wins face-off versus Dylan Strome in Kings zone.
10:39 of 1st period - Icing by Brandon Hagel.
10:40 of 1st period - Dylan Strome wins face-off versus Jason Dickinson in Oilers zone.
10:46 of 1st period - Dylan Strome is hit by David Savard.
10:53 of 1st period - Dylan Strome is hit by David Savard and loses puck.
11:10 of 1st period - Shot by Jamie Drysdale.
11:10 of 1st period - Stopped by Karel Vejmelka without a rebound.
11:11 of 1st period - Derek Ryan wins face-off versus Cole Perfetti in Kings zone.
11:28 of 1st period - Shot by Ryan Pulock.
11:28 of 1st period - Shot Misses the Net.
11:34 of 1st period - Shot by Alexander Barabanov.
11:34 of 1st period - Shot Blocked by Joel Edmundson.
11:42 of 1st period - Shot by Ryan Pulock.
11:42 of 1st period - Stopped by Karel Vejmelka with a rebound.
12:17 of 1st period - Off-side.
12:18 of 1st period - Dylan Strome wins face-off versus Jason Dickinson in neutral zone.
12:57 of 1st period - Shot by Brandon Saad.
12:57 of 1st period - Stopped by Jack Campbell without a rebound.
12:58 of 1st period - Dylan Strome wins face-off versus Jeff Carter in Oilers zone.
13:16 of 1st period - Shot by Cole Perfetti.
13:16 of 1st period - Shot Misses the Net.
13:18 of 1st period - Shot by Cole Perfetti.
13:18 of 1st period - Shot Misses the Net.
13:28 of 1st period - Mattias Samuelsson is hit by Evander Kane and loses puck.
13:37 of 1st period - Shot by Cole Perfetti.
13:37 of 1st period - Shot Hit the Post.
14:04 of 1st period - Icing by Nick Jensen.
14:05 of 1st period - Paul Stastny wins face-off versus Derek Ryan in Kings zone.
14:30 of 1st period - Robin Salo is hit by Derek Ryan and loses puck.
14:40 of 1st period - Off-side.
14:41 of 1st period - Ryan Johansen wins face-off versus David Krejci in neutral zone.
14:44 of 1st period - Brandon Saad is hit by Brandon Hagel and loses puck.
14:50 of 1st period - Icing by Victor Olofsson.
14:51 of 1st period - Dylan Strome wins face-off versus David Krejci in Kings zone.
14:52 of 1st period - Shot by Ondrej Palat.
14:52 of 1st period - Stopped by Karel Vejmelka without a rebound.
14:53 of 1st period - David Krejci wins face-off versus Dylan Strome in Kings zone.
15:08 of 1st period - Jamie Drysdale is hit by David Savard and loses puck.
15:17 of 1st period - Shot by Dylan Strome.
15:17 of 1st period - Shot Misses the Net.
15:19 of 1st period - Shot by Ondrej Palat.
15:19 of 1st period - Shot Misses the Net.
15:25 of 1st period - Shot by Dylan Strome.
15:25 of 1st period - Shot Blocked by David Krejci.
16:11 of 1st period - Shot by Brock Boeser.
16:11 of 1st period - Stopped by Karel Vejmelka without a rebound.
16:12 of 1st period - Paul Stastny wins face-off versus Derek Ryan in Kings zone.
16:17 of 1st period - Shot by Alexander Barabanov.
16:17 of 1st period - Stopped by Karel Vejmelka without a rebound.
16:18 of 1st period - Derek Ryan wins face-off versus Casey Cizikas in Kings zone.
16:22 of 1st period - Jason Dickinson is hit by Robin Salo and loses puck.
16:31 of 1st period - Derek Ryan is hit by Casey Cizikas and loses puck.
17:53 of 1st period - Minor Penalty to Rasmus Ristolainen for Holding.
17:54 of 1st period - Jason Dickinson wins face-off versus Cole Perfetti in Kings zone.
18:25 of 1st period - Icing by Josh Bailey.
18:26 of 1st period - Cole Perfetti wins face-off versus Jason Dickinson in Oilers zone.
18:59 of 1st period - Shot by Dylan Strome.
18:59 of 1st period - Shot Misses the Net.
19:01 of 1st period - Shot by Brandon Hagel.
19:01 of 1st period - Shot Misses the Net.
19:03 of 1st period - Shot by Brandon Hagel.
19:03 of 1st period - Shot Blocked by Mattias Ekholm.
19:05 of 1st period - Shot by Brock Boeser.
19:05 of 1st period - Deflect By Brandon Hagel.
19:05 of 1st period - Shot Blocked by David Savard.
19:07 of 1st period - Shot by Brock Boeser.
19:07 of 1st period - Shot Misses the Net.
19:09 of 1st period - Shot by Ryan Johansen.
19:09 of 1st period - Stopped by Karel Vejmelka without a rebound.
19:10 of 1st period - Jason Dickinson wins face-off versus Dylan Strome in Kings zone.
19:10 of 1st period - Jason Dickinson is hit by Brock Boeser.
19:36 of 1st period - Shot by Dylan Strome.
19:36 of 1st period - Shot Misses the Net.
19:38 of 1st period - Shot by Jamie Drysdale.
19:38 of 1st period - Stopped by Karel Vejmelka with a rebound.
19:54 of 1st period - Icing by Tyler Motte.
19:55 of 1st period - Casey Cizikas wins face-off versus David Krejci in Kings zone.
Goals for this period are 2 for Kings vs 0 for Oilers.
Shots for this period are 7 for Kings vs 11 for Oilers.

2nd period


0:01 of 2nd period - David Krejci wins face-off versus Paul Stastny in neutral zone.
0:11 of 2nd period - Off-side.
0:12 of 2nd period - Jeff Carter wins face-off versus Dylan Strome in neutral zone.
0:24 of 2nd period - Minor Penalty to Evander Kane for Roughing.
0:25 of 2nd period - Dylan Strome wins face-off versus Jason Dickinson in Kings zone.
0:48 of 2nd period - Shot by Brandon Hagel.
0:48 of 2nd period - Goal by Brandon Hagel - Kings : 2 - Oilers : 1.
0:49 of 2nd period - Paul Stastny wins face-off versus David Krejci in neutral zone.
0:49 of 2nd period - Paul Stastny is hit by Brandon Saad.
1:19 of 2nd period - Minor Penalty to Joel Edmundson for Interference.
1:20 of 2nd period - Dylan Strome wins face-off versus Jason Dickinson in Kings zone.
1:23 of 2nd period - Shot by Brandon Hagel.
1:23 of 2nd period - Shot Blocked by Mattias Ekholm.
1:50 of 2nd period - Conor Sheary is hit by Brock Boeser and loses puck.
2:05 of 2nd period - Shot by Brandon Hagel.
2:05 of 2nd period - Stopped by Karel Vejmelka without a rebound.
2:06 of 2nd period - Jason Dickinson wins face-off versus Cole Perfetti in Kings zone.
3:22 of 2nd period - Icing by Rasmus Ristolainen.
3:23 of 2nd period - Casey Cizikas wins face-off versus Jeff Carter in Kings zone.
3:33 of 2nd period - Icing by Robin Salo.
3:34 of 2nd period - Jakob Silfverberg wins face-off versus Brandon Saad in Oilers zone.
3:45 of 2nd period - Shot by Nils Hoglander.
3:45 of 2nd period - Shot Misses the Net.
3:47 of 2nd period - Shot by Scott Mayfield.
3:47 of 2nd period - Shot Misses the Net.
3:49 of 2nd period - Shot by Jakob Silfverberg.
3:49 of 2nd period - Stopped by Karel Vejmelka with a rebound.
3:51 of 2nd period - Shot by Scott Mayfield.
3:51 of 2nd period - Shot Hit the Post.
4:35 of 2nd period - Jason Dickinson is hit by Brandon Hagel and loses puck.
4:50 of 2nd period - Shot by Brandon Hagel.
4:50 of 2nd period - Shot Blocked by Rasmus Ristolainen.
4:59 of 2nd period - Icing by Conor Sheary.
5:00 of 2nd period - Derek Ryan wins face-off versus Dylan Strome in Kings zone.
5:00 of 2nd period - Derek Ryan is hit by Dylan Strome.
6:16 of 2nd period - Alexander Barabanov is hit by Joel Edmundson and loses puck.
7:08 of 2nd period - Shot by Brandon Hagel.
7:08 of 2nd period - Stopped by Karel Vejmelka without a rebound.
7:09 of 2nd period - Casey Cizikas wins face-off versus David Krejci in Kings zone.
7:09 of 2nd period - Casey Cizikas is hit by David Savard.
7:15 of 2nd period - Shot by Jakob Silfverberg.
7:15 of 2nd period - Deflect By Casey Cizikas.
7:15 of 2nd period - Shot Misses the Net.
7:17 of 2nd period - Shot by Jakob Silfverberg.
7:17 of 2nd period - Shot Misses the Net.
7:19 of 2nd period - Shot by Jakob Silfverberg.
7:19 of 2nd period - Deflect By Nils Hoglander.
7:19 of 2nd period - Stopped by Karel Vejmelka without a rebound.
7:20 of 2nd period - Victor Olofsson wins face-off versus Dylan Strome in Kings zone.
7:39 of 2nd period - Shot by Brandon Saad.
7:39 of 2nd period - Shot Blocked by Jamie Drysdale.
7:47 of 2nd period - Icing by David Krejci.
7:48 of 2nd period - Ryan Johansen wins face-off versus David Krejci in Kings zone.
7:53 of 2nd period - Shot by Brandon Hagel.
7:53 of 2nd period - Shot Misses the Net.
8:40 of 2nd period - Shot by Jeff Carter.
8:40 of 2nd period - Shot Misses the Net.
9:09 of 2nd period - Ryan Johansen is hit by Joel Edmundson and loses puck.
9:18 of 2nd period - Icing by Ryan Pulock.
9:19 of 2nd period - Derek Ryan wins face-off versus Ryan Johansen in Oilers zone.
9:36 of 2nd period - Shot by Conor Sheary.
9:36 of 2nd period - Stopped by Jack Campbell without a rebound.
9:37 of 2nd period - David Krejci wins face-off versus Dylan Strome in Oilers zone.
10:13 of 2nd period - Minor Penalty to Ondrej Palat for Hooking.
10:14 of 2nd period - Jeff Carter wins face-off versus Paul Stastny in Oilers zone.
10:56 of 2nd period - Shot by Ilya Mikheyev.
10:56 of 2nd period - Shot Misses the Net.
12:31 of 2nd period - Shot by Dmitry Orlov.
12:31 of 2nd period - Shot Misses the Net.
13:15 of 2nd period - Shot by Tyler Motte.
13:15 of 2nd period - Stopped by Jack Campbell without a rebound.
13:16 of 2nd period - Casey Cizikas wins face-off versus David Krejci in Oilers zone.
13:16 of 2nd period - Casey Cizikas is hit by Victor Olofsson.
13:30 of 2nd period - Shot by Brandon Saad.
13:30 of 2nd period - Deflect By Victor Olofsson.
13:30 of 2nd period - Stopped by Jack Campbell without a rebound.
13:31 of 2nd period - Jeff Carter wins face-off versus Ryan Johansen in Oilers zone.
13:49 of 2nd period - Icing by Scott Mayfield.
13:50 of 2nd period - Ryan Johansen wins face-off versus David Krejci in Oilers zone.
14:22 of 2nd period - Shot by Brandon Hagel.
14:22 of 2nd period - Goal by Brandon Hagel - Kings : 2 - Oilers : 2.
14:23 of 2nd period - Paul Stastny wins face-off versus Jeff Carter in neutral zone.
14:26 of 2nd period - Shot by Josh Bailey.
14:26 of 2nd period - Shot Misses the Net.
14:42 of 2nd period - Shot by Evander Kane.
14:42 of 2nd period - Shot Hit the Post.
14:44 of 2nd period - Shot by Jeff Carter.
14:44 of 2nd period - Stopped by Jack Campbell with a rebound.
14:46 of 2nd period - Shot by Ilya Mikheyev.
14:46 of 2nd period - Stopped by Jack Campbell without a rebound.
14:47 of 2nd period - Nils Hoglander wins face-off versus Derek Ryan in Oilers zone.
14:55 of 2nd period - Icing by Dmitry Orlov.
14:56 of 2nd period - Casey Cizikas wins face-off versus Derek Ryan in Kings zone.
14:59 of 2nd period - Shot by Nils Hoglander.
14:59 of 2nd period - Deflect By Jakob Silfverberg.
14:59 of 2nd period - Stopped by Karel Vejmelka without a rebound.
15:00 of 2nd period - Derek Ryan wins face-off versus Paul Stastny in Kings zone.
15:27 of 2nd period - Shot by Alexander Barabanov.
15:27 of 2nd period - Shot Misses the Net.
15:32 of 2nd period - Josh Bailey is hit by Joel Edmundson and loses puck.
15:54 of 2nd period - Icing by Joel Edmundson.
15:55 of 2nd period - Jason Dickinson wins face-off versus Casey Cizikas in Kings zone.
16:42 of 2nd period - Dmitry Orlov is hit by Casey Cizikas.
17:49 of 2nd period - Icing by Mattias Ekholm.
17:50 of 2nd period - Brandon Saad wins face-off versus Ryan Johansen in Kings zone.
18:15 of 2nd period - Shot by Brandon Hagel.
18:15 of 2nd period - Stopped by Karel Vejmelka without a rebound.
18:16 of 2nd period - Jeff Carter wins face-off versus Paul Stastny in Kings zone.
19:36 of 2nd period - Shot by Casey Cizikas.
19:36 of 2nd period - Stopped by Karel Vejmelka without a rebound.
19:37 of 2nd period - Dylan Strome wins face-off versus David Krejci in Kings zone.
19:42 of 2nd period - Shot by Ondrej Palat.
19:42 of 2nd period - Deflect By Dylan Strome.
19:42 of 2nd period - Stopped by Karel Vejmelka without a rebound.
19:43 of 2nd period - Dylan Strome wins face-off versus Derek Ryan in Kings zone.
Goals for this period are 0 for Kings vs 2 for Oilers.
Shots for this period are 5 for Kings vs 10 for Oilers.

3rd period


0:01 of 3rd period - Evander Kane wins face-off versus Casey Cizikas in neutral zone.
0:13 of 3rd period - Off-side.
0:14 of 3rd period - Derek Ryan wins face-off versus Dylan Strome in neutral zone.
1:43 of 3rd period - Evander Kane is hit by Casey Cizikas and loses puck.
2:16 of 3rd period - Shot by David Krejci.
2:16 of 3rd period - Shot Misses the Net.
2:35 of 3rd period - Robin Salo is hit by Jeff Carter and loses puck.
2:49 of 3rd period - Off-side.
2:50 of 3rd period - Ryan Johansen wins face-off versus David Krejci in neutral zone.
3:24 of 3rd period - Shot by Ryan Johansen.
3:24 of 3rd period - Deflect By Brandon Hagel.
3:24 of 3rd period - Shot Misses the Net.
3:26 of 3rd period - Shot by Ryan Pulock.
3:26 of 3rd period - Stopped by Karel Vejmelka without a rebound.
3:27 of 3rd period - Jeff Carter wins face-off versus Dylan Strome in Kings zone.
3:27 of 3rd period - Jeff Carter is hit by Ondrej Palat.
3:30 of 3rd period - Evander Kane is hit by Ondrej Palat and loses puck.
3:54 of 3rd period - Shot by Ilya Mikheyev.
3:54 of 3rd period - Shot Blocked by Jamie Drysdale.
3:56 of 3rd period - Shot by Jeff Carter.
3:56 of 3rd period - Deflect By Evander Kane.
3:56 of 3rd period - Stopped by Jack Campbell without a rebound.
3:57 of 3rd period - Casey Cizikas wins face-off versus Derek Ryan in Oilers zone.
3:59 of 3rd period - Icing by Scott Mayfield.
4:00 of 3rd period - Derek Ryan wins face-off versus Casey Cizikas in Oilers zone.
4:35 of 3rd period - Jakob Silfverberg is hit by Joel Edmundson and loses puck.
4:42 of 3rd period - Shot by Casey Cizikas.
4:42 of 3rd period - Shot Misses the Net.
6:10 of 3rd period - Icing by Ryan Pulock.
6:11 of 3rd period - Evander Kane wins face-off versus Ryan Johansen in Oilers zone.
6:12 of 3rd period - Shot by Ilya Mikheyev.
6:12 of 3rd period - Deflect By Evander Kane.
6:12 of 3rd period - Shot Misses the Net.
6:15 of 3rd period - Icing by Brandon Hagel.
6:16 of 3rd period - Jeff Carter wins face-off versus Ryan Johansen in Oilers zone.
6:20 of 3rd period - Icing by Ryan Pulock.
6:21 of 3rd period - Ryan Johansen wins face-off versus Jeff Carter in Oilers zone.
6:21 of 3rd period - Ryan Johansen is hit by Evander Kane.
6:22 of 3rd period - Minor Penalty to Evander Kane for Roughing.
6:23 of 3rd period - Jason Dickinson wins face-off versus Cole Perfetti in Kings zone.
6:44 of 3rd period - Shot by Alexander Barabanov.
6:44 of 3rd period - Shot Misses the Net.
6:46 of 3rd period - Shot by Alexander Barabanov.
6:46 of 3rd period - Shot Misses the Net.
6:48 of 3rd period - Shot by Jamie Drysdale.
6:48 of 3rd period - Shot Blocked by Jason Dickinson.
6:50 of 3rd period - Shot by Ryan Johansen.
6:50 of 3rd period - Stopped by Karel Vejmelka without a rebound.
6:51 of 3rd period - Dylan Strome wins face-off versus Derek Ryan in Kings zone.
7:27 of 3rd period - Shot by Brock Boeser.
7:27 of 3rd period - Stopped by Karel Vejmelka without a rebound.
7:28 of 3rd period - Cole Perfetti wins face-off versus Jason Dickinson in Kings zone.
7:41 of 3rd period - Shot by Alexander Barabanov.
7:41 of 3rd period - Stopped by Karel Vejmelka without a rebound.
7:42 of 3rd period - Jason Dickinson wins face-off versus Cole Perfetti in Kings zone.
8:06 of 3rd period - Shot by Alexander Barabanov.
8:06 of 3rd period - Shot Misses the Net.
8:20 of 3rd period - Shot by Jamie Drysdale.
8:20 of 3rd period - Shot Misses the Net.
8:59 of 3rd period - Off-side.
9:00 of 3rd period - Victor Olofsson wins face-off versus Paul Stastny in neutral zone.
9:02 of 3rd period - Mattias Ekholm is hit by Scott Mayfield.
9:22 of 3rd period - Robin Salo is hit by David Krejci and loses puck.
9:37 of 3rd period - Shot by Alexander Barabanov.
9:37 of 3rd period - Stopped by Karel Vejmelka without a rebound.
9:38 of 3rd period - Dylan Strome wins face-off versus Jeff Carter in Kings zone.
9:42 of 3rd period - Minor Penalty to Ondrej Palat for Hooking.
9:43 of 3rd period - Ryan Johansen wins face-off versus Jeff Carter in Oilers zone.
10:49 of 3rd period - Shot by Mattias Ekholm.
10:49 of 3rd period - Stopped by Jack Campbell with a rebound.
10:51 of 3rd period - Shot by Brandon Saad.
10:51 of 3rd period - Deflect By Victor Olofsson.
10:51 of 3rd period - Shot Misses the Net.
10:53 of 3rd period - Shot by Brandon Saad.
10:53 of 3rd period - Deflect By Victor Olofsson.
10:53 of 3rd period - Shot Misses the Net.
11:44 of 3rd period - Shot by Conor Sheary.
11:44 of 3rd period - Stopped by Jack Campbell without a rebound.
11:45 of 3rd period - Paul Stastny wins face-off versus Derek Ryan in Oilers zone.
11:45 of 3rd period - Paul Stastny is hit by Derek Ryan.
12:17 of 3rd period - Shot by Alexander Barabanov.
12:17 of 3rd period - Shot Misses the Net.
12:53 of 3rd period - Icing by Ondrej Palat.
12:54 of 3rd period - Dylan Strome wins face-off versus Evander Kane in Oilers zone.
13:01 of 3rd period - Shot by Dylan Strome.
13:01 of 3rd period - Shot Misses the Net.
13:09 of 3rd period - Shot by Ondrej Palat.
13:09 of 3rd period - Shot Hit the Post.
13:20 of 3rd period - Off-side.
13:21 of 3rd period - Derek Ryan wins face-off versus Ryan Johansen in neutral zone.
14:27 of 3rd period - Shot by Ondrej Palat.
14:27 of 3rd period - Deflect By Dylan Strome.
14:27 of 3rd period - Stopped by Karel Vejmelka without a rebound.
14:28 of 3rd period - David Krejci wins face-off versus Casey Cizikas in Kings zone.
14:49 of 3rd period - Shot by Victor Olofsson.
14:49 of 3rd period - Shot Blocked by Jamie Drysdale.
15:01 of 3rd period - Shot by Nils Hoglander.
15:01 of 3rd period - Shot Misses the Net.
15:09 of 3rd period - Shot by Jakob Silfverberg.
15:09 of 3rd period - Shot Misses the Net.
15:56 of 3rd period - Shot by Cole Perfetti.
15:56 of 3rd period - Shot Misses the Net.
16:02 of 3rd period - Shot by Jeff Carter.
16:02 of 3rd period - Shot Misses the Net.
16:10 of 3rd period - Shot by Ilya Mikheyev.
16:10 of 3rd period - Shot Blocked by Ondrej Palat.
16:17 of 3rd period - Icing by Ondrej Palat.
16:18 of 3rd period - Dylan Strome wins face-off versus Derek Ryan in Oilers zone.
16:31 of 3rd period - Shot by Conor Sheary.
16:31 of 3rd period - Deflect By Jason Dickinson.
16:31 of 3rd period - Shot Misses the Net.
16:52 of 3rd period - Icing by Nick Jensen.
16:53 of 3rd period - Casey Cizikas wins face-off versus Derek Ryan in Kings zone.
16:53 of 3rd period - Casey Cizikas is hit by Joel Edmundson.
17:01 of 3rd period - Shot by Casey Cizikas.
17:01 of 3rd period - Stopped by Karel Vejmelka without a rebound.
17:02 of 3rd period - Casey Cizikas wins face-off versus David Krejci in Kings zone.
17:27 of 3rd period - Brandon Saad is hit by Mattias Samuelsson and loses puck.
17:34 of 3rd period - Shot by David Krejci.
17:34 of 3rd period - Shot Blocked by Mattias Samuelsson.
17:36 of 3rd period - Shot by Brandon Saad.
17:36 of 3rd period - Shot Misses the Net.
17:38 of 3rd period - Shot by Mattias Ekholm.
17:38 of 3rd period - Shot Misses the Net.
18:13 of 3rd period - Icing by Casey Cizikas.
18:14 of 3rd period - Jason Dickinson wins face-off versus Casey Cizikas in Oilers zone.
18:17 of 3rd period - Shot by Jason Dickinson.
18:17 of 3rd period - Shot Blocked by Jamie Drysdale.
18:19 of 3rd period - Shot by Joel Edmundson.
18:19 of 3rd period - Stopped by Jack Campbell with a rebound.
18:29 of 3rd period - Shot by Jason Dickinson.
18:29 of 3rd period - Stopped by Jack Campbell without a rebound.
18:30 of 3rd period - Paul Stastny wins face-off versus Jeff Carter in Oilers zone.
18:32 of 3rd period - Icing by Josh Bailey.
18:33 of 3rd period - Evander Kane wins face-off versus Alexander Barabanov in Oilers zone.
18:49 of 3rd period - Shot by Evander Kane.
18:49 of 3rd period - Shot Blocked by Ryan Pulock.
18:59 of 3rd period - Shot by Evander Kane.
18:59 of 3rd period - Goal by Evander Kane - Kings : 3 - Oilers : 2.
19:00 of 3rd period - Dylan Strome wins face-off versus Jeff Carter in neutral zone.
19:05 of 3rd period - Oilers, Jack Campbell is pulled from the net.
19:27 of 3rd period - Shot by Brock Boeser.
19:27 of 3rd period - Stopped by Karel Vejmelka without a rebound.
19:28 of 3rd period - Dylan Strome wins face-off versus Jeff Carter in Kings zone.
19:55 of 3rd period - Shot by Dylan Strome.
19:55 of 3rd period - Shot Blocked by Mattias Ekholm.
Goals for this period are 1 for Kings vs 0 for Oilers.
Shots for this period are 6 for Kings vs 8 for Oilers.